 Dungeon Crawl Stone Soup version 0.22.1-1-ga44c0e5 (webtiles) character file.

354 unvid the Digger (level 6, -1/41 HPs)
             Began as a Human Wanderer on Oct 4, 2018.
             Slain by Grinder (5 damage)
             ... on level 3 of the Dungeon.
             The game lasted 00:05:54 (2974 turns).

unvid the Digger (Human Wanderer)                   Turns: 2974, Time: 00:05:55

Health: -1/41      AC:  5    Str: 18 (21) XL:     6   Next: 94%
Magic:  8/10       EV: 15    Int: 10 (12) God:
Gold:   73         SH:  0    Dex: 14 (16) Spells: 5/11 levels left

rFire    . . .     SeeInvis .   a - +3 short sword
rCold    . . .     Gourm    .   (no shield)
rNeg     . . .     Faith    .   d - +0 ring mail
rPois    +         Spirit   .   (no helmet)
rElec    .         Reflect  .   (no cloak)
rCorr    .         Harm     .   (no gloves)
MR       .....                  (no boots)
Stlth    ++........             (no amulet)
HPRegen  0.13/turn              g - ring of poison resistance
MPRegen  0.12/turn              (no ring)

@: mighty, agile, flying
A: no striking features
a: no special abilities


You were on level 3 of the Dungeon.
You were not hungry.

You visited 1 branch of the dungeon, and saw 3 of its levels.

You collected 73 gold pieces.

Inventory:

Hand Weapons
 a - a +3 short sword (weapon)
 i - a +0 whip of draining
Missiles
 c - 113 stones (quivered)
Armour
 d - a +0 ring mail (worn)
Jewellery
 g - a ring of poison resistance (left hand)
Scrolls
 m - a scroll of identify
Comestibles
 f - 7 rations
 k - 3 chunks of flesh


   Skills:
 - Level 1.7 Stealth
 + Level 3.0 Spellcasting
 * Level 1.4 Conjurations
   Level 1.0 Hexes
   Level 4.0 Translocations
 * Level 5.4 Earth Magic
   Level 1.0 Evocations


You had 5 spell levels left.
You knew the following spells:

 Your Spells              Type           Power        Failure   Level  Hunger
a - Sandblast             Erth           ##....       5%          1    #......
b - Passwall              Tmut/Erth      #.......     26%         2    ###....
c - Stone Arrow           Conj/Erth      #.....       36%         3    ###....

Your spell library contained the following spells:

 Spells                   Type           Power        Failure   Level  Hunger
 Apportation              Tloc           #.....       10%         1    #......
 Gell's Gravitas          Tloc           #.........   28%         3    ###....
 Summon Small Mammal      Summ           #...         45%         1    #......
 Call Canine Familiar     Summ           #.......     83%         3    ###....
 Lee's Rapid Deconstruct  Erth           ##........   83%         5    ######.
 Petrify                  Tmut/Erth      #.......     86%         4    #####..


Dungeon Overview and Level Annotations

Branches:
Dungeon (3/15)

Altars:

Annotations:
D:3 Grinder


Message History

It was a potion of agility.
You feel agile all of a sudden.
Grinder blinks!
It was a potion of flight.
You feel very buoyant.
You fly up into the air.
It was a potion of degeneration.
There was something very wrong with that liquid.
You feel weakened.
You feel dopey.
You feel clumsy. Grinder closely misses you.
It was a potion of might.
You feel very mighty all of a sudden. Grinder gestures at you.
You barely resist. You puncture Grinder!
Grinder is severely wounded.
Grinder hits you.
* * * LOW HITPOINT WARNING * * *
You writhe in agony.
You die...

### #.#### #.....
###..#.#
#####....#.#
#.....#..#.#
########.....#..@.#
..........#..#.5###
..........#.....#
########..#.##..#
#....##.## #
#...###.# # ##..#
#.# # #..# #.# ##
#..# #..


You could see Grinder.

Vanquished Creatures
  Sigmund (D:2)
  A sky beast (D:3)
  5 adders (D:2)
  A worm (D:2)
  A dart slug (D:1)
  2 leopard geckos
  An orc (D:3)
  7 bats
  7 giant cockroaches
  8 goblins
  5 hobgoblins (D:2)
  2 jackals (D:1)
  A ball python (D:2)
  2 frilled lizards
  3 kobolds
  9 rats
56 creatures vanquished.

Notes
Turn   | Place    | Note
-------+----------+-------------------------------------------
     0 | D:1      | unvid the Human Wanderer began the quest for the Orb.
     0 | D:1      | unvid set off with: a +0 robe, a +0 club, a ration
     0 | D:1      | Reached XP level 1. HP: 13/13 MP: 2/2
     9 | D:1      | Learned a level 1 spell: Sandblast
   447 | D:1      | Reached XP level 2. HP: 19/19 MP: 3/3
  1008 | D:1      | Reached XP level 3. HP: 23/24 MP: 4/4
  1588 | D:2      | Reached skill level 3 in Earth Magic
  1850 | D:2      | Noticed Sigmund
  1859 | D:2      | Killed Sigmund
  1859 | D:2      | Reached skill level 4 in Earth Magic
  1859 | D:2      | Reached XP level 4. HP: 30/30 MP: 5/8
  1859 | D:2      | Reached XP level 5. HP: 35/35 MP: 5/9
  1859 | D:2      | Reached XP level 6. HP: 41/41 MP: 5/10
  1978 | D:2      | Reached skill level 5 in Earth Magic
  2305 | D:2      | Learned a level 2 spell: Passwall
  2309 | D:2      | Learned a level 3 spell: Stone Arrow
  2553 | D:3      | Noticed a sky beast
  2580 | D:3      | Killed a sky beast
  2580 | D:3      | Reached skill level 1 in Conjurations
  2960 | D:3      | Noticed Grinder
  2963 | D:3      | Paralysed by Grinder for 6 turns
  2974 | D:3      | Slain by Grinder

Skill      XL: |  1  2  3  4  5  6 |
---------------+-------------------+-----
Earth Magic    | 4 5 |  5.4
Spellcasting   | 2 3 |  3.0
Conjurations   | 1 |  1.4
Stealth        | |  1.7
Hexes          | |  1.0
Translocations | |  4.0
Evocations     | |  1.0

Action                   |  1- 3 |  4- 6 || total
-------------------------+-------+-------++-------
Melee: Club              |    44 |       ||    44
       Short sword       |    50 |    80 ||   130
 Cast: Sandblast         |    10 |    14 ||    24
  Use: Scroll            |     2 |       ||     2
       Potion            |     1 |     6 ||     7
  Eat: Chunk             |     3 |     4 ||     7
Armor: Robe              |    13 |       ||    13
       Ring mail         |    28 |    45 ||    73
Dodge: Dodged            |    69 |    64 ||   133
